[Event "GER-ch Youth U12 2020"]
[Site "Willingen"]
[Date "2020.10.28"]
[Round "3.21"]
[White "Möller, Maurin"]
[Black "Dorendorf, Mika"]
[Result "1-0"]
[ECO "B23"]
[WhiteElo "1645"]
[BlackElo "1462"]
[Annotator "NA"]
[PlyCount "83"]
[EventDate "2020.10.27"]
[EventType "swiss"]
[EventRounds "7"]
[EventCountry "GER"]
[SourceTitle "playchess.com"]
[Source "ChessBase"]
[SourceQuality "1"]
[TimeControl "40/5400+30:1800+30"]

1. e4 c5 2. Nc3 e6 3. f4 d5 4. Nf3 Nc6 5. e5 h5 6. h4 Nh6 7. g3 Nf5 8. Kf2 c4 9. d3 Qb6+ 10. Kg2 cxd3 11. Bxd3 g6 12. Re1 a6 13. a3 Qa7 14. Na4 b5 15. Bxf5 gxf5 16. Nc3 Bc5 17. b4 Bb6 18. a4 bxa4 19. b5 Ba5 20. Bd2 Bxc3 21. Bxc3 axb5 22. Bd4 Qe7 23. c3 Bd7 24. Re2 Na5 25. Rb2 Nc4 26. Rb4 Bc6 27. Kh2 a3 28. Nd2 Nb2 29. Qc2 O-O 30. Nb3 Rfc8 31. Bc5 Qb7 32. Qe2 f6 33. exf6 Qf7 34. Nd4 Bd7 35. Be7 Rc4 36. Rxb2 Kh7 37. Rb3 b4 38. Nf3 Qe8 39. Ne5 Bb5 40. f7 Qxe7 41. Qxh5+ Kg7 42. Qg6+ 1-0

[Event "GER-ch Youth U12 2020"]
[Site "Willingen"]
[Date "2020.10.28"]
[Round "3.22"]
[White "Guo, Jacob Tingshen"]
[Black "Isbilir, Levin"]
[Result "1/2-1/2"]
[ECO "D37"]
[WhiteElo "1551"]
[BlackElo "1233"]
[Annotator "NA"]
[PlyCount "66"]
[EventDate "2020.10.27"]
[EventType "swiss"]
[EventRounds "7"]
[EventCountry "GER"]
[SourceTitle "playchess.com"]
[Source "ChessBase"]
[SourceQuality "1"]
[TimeControl "40/5400+30:1800+30"]

1. d4 d5 2. c4 e6 3. Nc3 Nf6 4. Nf3 Be7 5. Bf4 Nbd7 6. cxd5 exd5 7. h3 c6 8. e3 Ne4 9. Nxe4 dxe4 10. Nd2 Nf6 11. Bc4 O-O 12. Qc2 Re8 13. O-O Bb4 14. Bg5 Bxd2 15. Qxd2 Be6 16. Bxe6 Rxe6 17. Rad1 Qd5 18. Bxf6 Rxf6 19. b3 Rg6 20. Qe2 Re8 21. Rc1 Ree6 22. f4 exf3 23. Qxf3 Qd7 24. d5 Ref6 25. dxc6 Rxc6 26. Rxc6 Rxc6 27. Rd1 Qe7 28. Qf4 h6 29. Rd2 a6 30. Qd4 Kh7 31. Qd3+ g6 32. Qd4 Rc1+ 33. Kf2 Rc6 1/2-1/2

[Event "GER-ch Youth U12 2020"]
[Site "Willingen"]
[Date "2020.10.28"]
[Round "3.23"]
[White "Schreidl, Michael"]
[Black "Leubner, Paul Damdin"]
[Result "1-0"]
[ECO "B90"]
[WhiteElo "1640"]
[BlackElo "1409"]
[Annotator "NA"]
[PlyCount "111"]
[EventDate "2020.10.27"]
[EventType "swiss"]
[EventRounds "7"]
[EventCountry "GER"]
[SourceTitle "playchess.com"]
[Source "ChessBase"]
[SourceQuality "1"]
[TimeControl "40/5400+30:1800+30"]

1. e4 c5 2. Nf3 d6 3. d4 cxd4 4. Nxd4 Nf6 5. Nc3 a6 6. f3 e5 7. Nb3 Be6 8. Be3 Be7 9. Qd2 h5 10. O-O-O Nbd7 11. Nd5 Bxd5 12. exd5 b5 13. Kb1 Rc8 14. Be2 Nb6 15. Bxb6 Qxb6 16. Qa5 Qxa5 17. Nxa5 O-O 18. Nc6 Nxd5 19. Nxe7+ Nxe7 20. Rxd6 Nc6 21. Rhd1 Rfd8 22. Rxd8+ Rxd8 23. Rxd8+ Nxd8 24. a4 bxa4 25. Bxa6 f5 26. Kc1 Kf7 27. Kd2 Ne6 28. Bc4 g5 29. Ke3 Ke7 30. Bb5 Nc5 31. Bc6 Kd6 32. Be8 h4 33. Bf7 f4+ 34. Kd2 e4 35. fxe4 Nxe4+ 36. Ke2 Ke5 37. Be8 Nc5 38. c3 Kf5 39. Bc6 g4 40. Ba8 h3 41. gxh3 gxh3 42. Kf3 Kg5 43. Bc6 Kf5 44. Bb5 Kg5 45. Bf1 Kf5 46. Bxh3+ Kg5 47. Bf1 Nb3 48. h4+ Kxh4 49. Kxf4 Kh5 50. Bb5 Nc5 51. Ke5 Kg5 52. Kd5 Nb7 53. Bxa4 Kf6 54. b4 Ke7 55. c4 Kd8 56. Bc6 1-0

[Event "GER-ch Youth U12 2020"]
[Site "Willingen"]
[Date "2020.10.28"]
[Round "3.24"]
[White "Stadelmann, Constantin"]
[Black "Huber, Benedikt"]
[Result "0-1"]
[ECO "D04"]
[WhiteElo "1366"]
[BlackElo "1725"]
[Annotator "NA"]
[PlyCount "56"]
[EventDate "2020.10.27"]
[EventType "swiss"]
[EventRounds "7"]
[EventCountry "GER"]
[SourceTitle "playchess.com"]
[Source "ChessBase"]
[SourceQuality "1"]
[TimeControl "40/5400+30:1800+30"]

1. d4 d5 2. Nf3 Nf6 3. e3 c6 4. Bd3 Bg4 5. c4 e6 6. O-O Bd6 7. b3 Nbd7 8. Bb2 O-O 9. Nbd2 Rc8 10. Qe1 b6 11. Ne5 Bh5 12. f4 Bg6 13. f5 exf5 14. Bxf5 Bxf5 15. Rxf5 Re8 16. g4 g6 17. Rf3 Nxe5 18. dxe5 Bxe5 19. Bxe5 Rxe5 20. Qf2 Nxg4 21. Qg3 Qg5 22. Raf1 Nxe3 23. Rxf7 Nxf1 24. Rxf1 Qxg3+ 25. hxg3 Re2 26. Nf3 dxc4 27. bxc4 Rxa2 28. Re1 b5 0-1

[Event "GER-ch Youth U12 2020"]
[Site "Willingen"]
[Date "2020.10.28"]
[Round "3.25"]
[White "Detjen, Mattes"]
[Black "Göpfert, Gregor"]
[Result "1/2-1/2"]
[ECO "C45"]
[WhiteElo "1190"]
[BlackElo "1603"]
[Annotator "NA"]
[PlyCount "115"]
[EventDate "2020.10.27"]
[EventType "swiss"]
[EventRounds "7"]
[EventCountry "GER"]
[SourceTitle "playchess.com"]
[Source "ChessBase"]
[SourceQuality "1"]
[TimeControl "40/5400+30:1800+30"]

1. e4 e5 2. Nf3 Nc6 3. d4 exd4 4. Nxd4 Bc5 5. Be3 Qf6 6. c3 Nge7 7. g3 b6 8. Bg2 Bb7 9. O-O O-O-O 10. b4 Bxd4 11. Bxd4 Nxd4 12. cxd4 d5 13. e5 Qe6 14. a4 a6 15. Qc1 Qg4 16. Rd1 h5 17. Rd2 Kb8 18. h3 Qg5 19. Ra3 h4 20. g4 f5 21. exf6 Qxf6 22. Rc3 Rd7 23. Rdc2 Qd6 24. b5 a5 25. Nd2 Ng6 26. Nf1 Nf4 27. Ne3 g6 28. Nf1 Ne6 29. Rd3 Rf7 30. Nd2 Qb4 31. Qa3 Qxa3 32. Rxa3 Nxd4 33. Rb2 Rhf8 34. Nb3 Nxb3 35. Raxb3 Rf4 36. Ra3 Kc8 37. Re2 Kd7 38. Kf1 Kd6 39. Ke1 Bc8 40. Raa2 Rd4 41. Red2 Rff4 42. Rxd4 Rxd4 43. Ke2 Kc5 44. Rc2+ Rc4 45. Rxc4+ Kxc4 46. f4 Be6 47. Kf3 Kb4 48. f5 gxf5 49. g5 Kxa4 50. g6 Kb3 51. Kf4 a4 52. Ke5 Bg8 53. Bxd5+ Bxd5 54. Kxd5 a3 55. g7 a2 56. g8=Q a1=Q 57. Kc6+ Kb4 58. Qf8+ 1/2-1/2

[Event "GER-ch Youth U12 2020"]
[Site "Willingen"]
[Date "2020.10.28"]
[Round "3.26"]
[White "Schneble, Milan"]
[Black "Müller, Mitja"]
[Result "1/2-1/2"]
[ECO "D00"]
[WhiteElo "1418"]
[BlackElo "1360"]
[Annotator "NA"]
[PlyCount "42"]
[EventDate "2020.10.27"]
[EventType "swiss"]
[EventRounds "7"]
[EventCountry "GER"]
[SourceTitle "playchess.com"]
[Source "ChessBase"]
[SourceQuality "1"]
[TimeControl "40/5400+30:1800+30"]

1. d4 d5 2. e3 Nf6 3. c4 e6 4. Nc3 Nbd7 5. Nf3 b6 6. Be2 Be7 7. O-O O-O 8. Re1 c5 9. dxc5 Nxc5 10. cxd5 Nxd5 11. Nxd5 Qxd5 12. Nd4 Bb7 13. Bf3 Qd6 14. Bxb7 Nxb7 15. Qf3 Nc5 16. Rd1 Rfd8 17. Bd2 Rac8 18. Bc3 Qd5 19. Qxd5 Rxd5 20. Rac1 Rcd8 21. Rf1 Rc8 1/2-1/2

[Event "GER-ch Youth U12 2020"]
[Site "Willingen"]
[Date "2020.10.28"]
[Round "3.27"]
[White "Ehrlich, Patrick"]
[Black "Ivanov, Alexander"]
[Result "0-1"]
[ECO "A83"]
[WhiteElo "1448"]
[BlackElo "1261"]
[Annotator "NA"]
[PlyCount "108"]
[EventDate "2020.10.27"]
[EventType "swiss"]
[EventRounds "7"]
[EventCountry "GER"]
[SourceTitle "playchess.com"]
[Source "ChessBase"]
[SourceQuality "1"]
[TimeControl "40/5400+30:1800+30"]

1. d4 f5 2. e4 fxe4 3. Nc3 Nf6 4. Bg5 g6 5. Bxf6 exf6 6. Nxe4 Qe7 7. Qe2 f5 8. Nf6+ Kf7 9. Qxe7+ Bxe7 10. Nd5 Bd6 11. O-O-O Nc6 12. Bc4 Kg7 13. Nf3 Nb4 14. Nxb4 Bxb4 15. c3 Bd6 16. h4 b6 17. h5 Bb7 18. d5 Bf4+ 19. Kb1 a6 20. g3 Bd6 21. h6+ Kf6 22. a4 Rhd8 23. Rhe1 Re8 24. Rxe8 Rxe8 25. b4 a5 26. b5 Bc5 27. Nd4 Kg5 28. Rh1 Bxd4 29. cxd4 c6 30. dxc6 dxc6 31. Rh4 Re4 32. Rxe4 fxe4 33. Kc2 cxb5 34. Bxb5 Kg4 35. Be2+ Kh3 36. Kd2 Kg2 37. Ke3 Bc6 38. Bb5 Bxb5 39. axb5 a4 40. d5 a3 41. d6 a2 42. d7 a1=Q 43. d8=Q Qe1+ 44. Kf4 Qxf2+ 45. Ke5 Qxg3+ 46. Kd4 Qd3+ 47. Ke5 Qxd8 48. Ke6 e3 49. Kf7 Qc7+ 50. Kf6 e2 51. Kg5 e1=Q 52. Kf6 Qf4+ 53. Kg7 Qe7+ 54. Kg8 Qff8# 0-1

[Event "GER-ch Youth U12 2020"]
[Site "Willingen"]
[Date "2020.10.28"]
[Round "3.28"]
[White "Schwarz, David"]
[Black "Bondarcuks, Timurs"]
[Result "1-0"]
[ECO "C78"]
[WhiteElo "1200"]
[BlackElo "1198"]
[Annotator "NA"]
[PlyCount "37"]
[EventDate "2020.10.27"]
[EventType "swiss"]
[EventRounds "7"]
[EventCountry "GER"]
[SourceTitle "playchess.com"]
[Source "ChessBase"]
[SourceQuality "1"]
[TimeControl "40/5400+30:1800+30"]

1. e4 e5 2. Nf3 Nc6 3. Bb5 a6 4. Ba4 Nf6 5. O-O Bc5 6. Nxe5 Bxf2+ 7. Rxf2 Nxe5 8. d4 Neg4 9. Rf1 b5 10. Bb3 d6 11. Nc3 O-O 12. h3 Nh6 13. Bg5 Qd7 14. Bxf6 gxf6 15. Qh5 Kg7 16. Rf3 Ng8 17. Nd5 Bb7 18. Nxf6 Qe7 19. Qxh7# 1-0

[Event "GER-ch Youth U12 2020"]
[Site "Willingen"]
[Date "2020.10.29"]
[Round "4.3"]
[White "Toth, Luca"]
[Black "Nitsche, Nikolai"]
[Result "0-1"]
[ECO "B03"]
[WhiteElo "1680"]
[BlackElo "1721"]
[Annotator "NA RC"]
[PlyCount "94"]
[EventDate "2020.10.27"]
[EventType "swiss"]
[EventRounds "7"]
[EventCountry "GER"]
[SourceTitle "playchess.com"]
[Source "ChessBase"]
[SourceQuality "1"]
[TimeControl "40/5400+30:1800+30"]

1. e4 Nf6 2. e5 Nd5 3. d4 d6 4. c4 Nb6 5. exd6 cxd6 6. Nc3 g6 7. Be3 Bg7 8. Nf3 Bf5 9. Bd3 Bxd3 10. Qxd3 Nc6 11. a3 O-O 12. Rd1 Rc8 13. c5 dxc5 14. dxc5 Qxd3 15. Rxd3 Nc4 16. Nd1 Rfd8 17. Rxd8+ Rxd8 18. Bc1 N6e5 19. Nxe5 Nxe5 20. Ke2 Nd3 21. Be3 a5 22. c6 bxc6 23. Bb6 Rb8 24. Bxa5 Nxb2 25. Nxb2 Rxb2+ 26. Bd2 Bh6 27. Rd1 Ra2 28. Ke1 Bxd2+ 29. Rxd2 Rxa3 30. Rd8+ Kg7 31. Kd2 Ra2+ 32. Ke3 Rc2 33. Rd1 c5 34. g3 c4 35. h4 h5 36. Rd4 Rc3+ 37. Kd2 Rd3+ 38. Rxd3 cxd3 39. Kxd3 e5 40. Ke4 Kf6 41. Kd5 Kf5 42. f3 f6 43. Kd6 e4 44. fxe4+ Kxe4 45. Ke6 Kf3 46. Kxf6 Kxg3 47. Kg5 Kh3 0-1

[Event "GER-ch Youth U12 2020"]
[Site "Willingen"]
[Date "2020.10.29"]
[Round "4.4"]
[White "Udelnov, Valentin"]
[Black "Navarro Jahnke, Leo"]
[Result "1-0"]
[ECO "B29"]
[WhiteElo "1691"]
[BlackElo "1686"]
[Annotator "NA RC"]
[PlyCount "79"]
[EventDate "2020.10.27"]
[EventType "swiss"]
[EventRounds "7"]
[EventCountry "GER"]
[SourceTitle "playchess.com"]
[Source "ChessBase"]
[SourceQuality "1"]
[TimeControl "40/5400+30:1800+30"]

1. e4 c5 2. Nf3 Nf6 3. e5 Nd5 4. Nc3 Nxc3 5. dxc3 Nc6 6. Bf4 Qb6 7. b3 Qc7 8. Bc4 e6 9. Qe2 h6 10. O-O-O a6 11. Rd2 b5 12. Bd3 c4 13. Be4 Qa5 14. Kd1 Qxc3 15. Ke1 Bb7 16. Kf1 Na5 17. Rd1 Bxe4 18. Qxe4 Nc6 19. g3 Bc5 20. Kg2 Qb4 21. h4 cxb3 22. Qd3 Rd8 23. axb3 Qa5 24. c3 Qc7 25. Rd2 Ne7 26. Ra2 Qc6 27. c4 b4 28. Rha1 Ra8 29. h5 Nf5 30. g4 Nd4 31. Kg3 Qb6 32. Nxd4 Bxd4 33. Rd1 Bc5 34. Qxd7+ Kf8 35. Kf3 Be7 36. Rad2 f6 37. exf6 gxf6 38. Bd6 Ra7 39. Bxe7+ Kf7 40. Bc5+ 1-0

[Event "GER-ch Youth U12 2020"]
[Site "Willingen"]
[Date "2020.10.29"]
[Round "4.5"]
[White "Krüger, Arthur"]
[Black "Klaska, Philipp Leon"]
[Result "1/2-1/2"]
[ECO "B42"]
[WhiteElo "1704"]
[BlackElo "1716"]
[Annotator "NA RC"]
[PlyCount "57"]
[EventDate "2020.10.27"]
[EventType "swiss"]
[EventRounds "7"]
[EventCountry "GER"]
[SourceTitle "playchess.com"]
[Source "ChessBase"]
[SourceQuality "1"]
[TimeControl "40/5400+30:1800+30"]

1. e4 c5 2. Nf3 e6 3. d4 cxd4 4. Nxd4 a6 5. Bd3 Qc7 6. O-O Nf6 7. Qe2 d6 8. c4 Nbd7 9. Nc3 b6 10. Kh1 g6 11. f4 Bg7 12. Bd2 O-O 13. Rae1 Nc5 14. Bc2 Bb7 15. Nf3 Rfe8 16. b4 Ncd7 17. Bd3 Kh8 18. Rb1 Rac8 19. Rfc1 Ng8 20. Nd1 Ne7 21. Bc3 Nf6 22. Nf2 Qb8 23. e5 Nd7 24. exd6 Qxd6 25. Ne5 Nxe5 26. Bxe5 Bxe5 27. fxe5 Qc7 28. c5 Nd5 29. Be4 1/2-1/2

[Event "GER-ch Youth U12 2020"]
[Site "Willingen"]
[Date "2020.10.29"]
[Round "4.6"]
[White "Haubold, Sebastian Marcel"]
[Black "Haubold, Christian Lucas"]
[Result "1-0"]
[ECO "C72"]
[WhiteElo "1769"]
[BlackElo "1615"]
[Annotator "NA RC"]
[PlyCount "79"]
[EventDate "2020.10.27"]
[EventType "swiss"]
[EventRounds "7"]
[EventCountry "GER"]
[SourceTitle "playchess.com"]
[Source "ChessBase"]
[SourceQuality "1"]
[TimeControl "40/5400+30:1800+30"]

1. e4 e5 2. Nf3 Nc6 3. Bb5 a6 4. Ba4 d6 5. O-O Bg4 6. c3 b5 7. Bb3 Nf6 8. Re1 Be7 9. d3 O-O 10. Nbd2 h6 11. Nf1 Bh5 12. Ng3 Bg6 13. Nh4 Bh7 14. Nhf5 Na5 15. Bc2 c5 16. f4 Nc6 17. Kh1 b4 18. Qf3 Kh8 19. Ba4 Na7 20. Nxe7 Qxe7 21. f5 Qc7 22. cxb4 cxb4 23. Nh5 Nxh5 24. Qxh5 f6 25. Bb3 Nb5 26. Be3 Qe7 27. g4 a5 28. h4 a4 29. Bc4 Nd4 30. Bxd4 exd4 31. Rg1 a3 32. b3 Qe5 33. Raf1 Rad8 34. g5 Rd7 35. gxh6 gxh6 36. Qxh6 Qe7 37. Rg4 Rb8 38. Rfg1 Qf8 39. Rg8+ Qxg8 40. Bxg8 1-0

[Event "GER-ch Youth U12 2020"]
[Site "Willingen"]
[Date "2020.10.29"]
[Round "4.7"]
[White "Sundui, Chinguun"]
[Black "Müller, Maximilian"]
[Result "1/2-1/2"]
[ECO "C02"]
[WhiteElo "1788"]
[BlackElo "1691"]
[Annotator "NA RC"]
[PlyCount "106"]
[EventDate "2020.10.27"]
[EventType "swiss"]
[EventRounds "7"]
[EventCountry "GER"]
[SourceTitle "playchess.com"]
[Source "ChessBase"]
[SourceQuality "1"]
[TimeControl "40/5400+30:1800+30"]

1. e4 e6 2. d4 d5 3. e5 c5 4. c3 Nc6 5. Nf3 Qb6 6. Be2 Nh6 7. Bxh6 gxh6 8. Qd2 Ne7 9. O-O Bd7 10. Na3 a6 11. Nc2 Bb5 12. Ne3 h5 13. Bxb5+ Qxb5 14. a4 Qb6 15. Nh4 Ng6 16. Nf3 Qd8 17. dxc5 Bxc5 18. b4 Be7 19. Rfe1 O-O 20. Qd4 Kh8 21. c4 dxc4 22. Qxc4 Bg5 23. Rad1 Qe7 24. g3 Rg8 25. Kh1 h4 26. Nxg5 Qxg5 27. f4 Qh5 28. Qe2 Qxe2 29. Rxe2 hxg3 30. hxg3 Rgd8 31. Red2 Rxd2 32. Rxd2 Kg7 33. Kg2 b5 34. a5 h5 35. Kf3 Ne7 36. Rd6 Kg6 37. Ke4 Nc8 38. f5+ Kg5 39. Rd7 Ra7 40. fxe6 fxe6 41. Rd8 Rc7 42. Rg8+ Kh6 43. Re8 Ne7 44. Ra8 Rc6 45. Ra7 Ng6 46. Rd7 Kg5 47. Kd4 Nf8 48. Rd8 Ng6 49. Ke4 h4 50. gxh4+ Kxh4 51. Rg8 Kg5 52. Rd8 Ne7 53. Rd7 Ng6 1/2-1/2

[Event "GER-ch Youth U12 2020"]
[Site "Willingen"]
[Date "2020.10.29"]
[Round "4.8"]
[White "Honisch, Alexander"]
[Black "Sommer, Justus"]
[Result "1-0"]
[ECO "C54"]
[WhiteElo "1667"]
[BlackElo "1845"]
[Annotator "NA RC"]
[PlyCount "93"]
[EventDate "2020.10.27"]
[EventType "swiss"]
[EventRounds "7"]
[EventCountry "GER"]
[SourceTitle "playchess.com"]
[Source "ChessBase"]
[SourceQuality "1"]
[TimeControl "40/5400+30:1800+30"]

1. e4 e5 2. Nf3 Nc6 3. Bc4 Bc5 4. c3 Nf6 5. d3 d6 6. O-O a6 7. Bb3 Ba7 8. Nbd2 h6 9. h3 g5 10. Nc4 g4 11. hxg4 Bxg4 12. Be3 b5 13. Bxa7 bxc4 14. Ba4 Rxa7 15. Bxc6+ Kf8 16. d4 (16. dxc4 $14 Bd7 17. Bxd7 Qxd7 18. Nd2) 16... Rg8 (16... Nh7 $1 $15 {stays ahead.} 17. Re1 (17. dxe5 $2 Ng5 $19) 17... Ng5) 17. dxe5 Nh5 18. exd6 Bh3 ({Black should play} 18... Nf4 $14 19. g3 (19. e5 Bxf3 20. Bxf3 Qh4 $11) 19... Nd3) 19. Ne1 Nf4 20. e5 Bg4 {[%emt 0:16:00] [#]} 21. dxc7 ({Only move:} 21. f3 $1 $18 Bf5 22. d7) 21... Qxc7 22. Bf3 (22. Qd6+ $16 Qxd6 23. exd6) 22... Bxf3 23. Qxf3 Qxe5 24. g3 Re7 (24... Ne2+ $11 25. Kh2 Rg5) 25. Ng2 Nd3 26. b3 Qxc3 27. bxc4 Qxc4 28. Rfd1 Ne5 29. Qa3 Ng6 $2 (29... Qe4 $1 $11) 30. Rac1 Qe6 31. Re1 Qf6 32. Rc7 a5 {[%emt 0:07:22] [#]} 33. Nf4 $1 Nxf4 34. Qxe7+ Kg7 35. Qxf6+ Kxf6 36. Rc6+ Ne6 37. Kg2 Rd8 38. Ra6 Rd5 39. Re4 Kg7 40. Ra4 Rd2 41. R6xa5 Rd6 $18 42. Ra7 Rd5 43. Re4 Rd6 44. a4 Kf6 45. a5 Kg6 46. Rb4 Kh5 47. Rxf7 1-0

[Event "GER-ch Youth U12 2020"]
[Site "Willingen"]
[Date "2020.10.29"]
[Round "4.9"]
[White "Hoppstädter, Daniel"]
[Black "Deschler, Arne"]
[Result "1-0"]
[ECO "D10"]
[WhiteElo "1712"]
[BlackElo "1671"]
[Annotator "NA RC"]
[PlyCount "53"]
[EventDate "2020.10.27"]
[EventType "swiss"]
[EventRounds "7"]
[EventCountry "GER"]
[SourceTitle "playchess.com"]
[Source "ChessBase"]
[SourceQuality "1"]
[TimeControl "40/5400+30:1800+30"]

1. d4 d5 2. c4 c6 3. cxd5 cxd5 4. Nc3 Nf6 5. Bf4 a6 6. e3 Bf5 7. Qb3 b5 8. Nf3 e6 9. Rc1 Qa5 10. a4 Bb4 11. Bc7 Qxa4 12. Qxa4 bxa4 13. Be2 Nc6 14. O-O Kd7 15. Nxa4 Bd6 16. Bxd6 Kxd6 17. Nc5 Nb4 18. Nb7+ Ke7 19. Rc7+ Kf8 20. Ne5 Bg6 21. Nd6 Ne8 22. Nxe8 Kxe8 23. Rfc1 Rb8 24. Rc8+ Ke7 25. R1c7+ Kf6 26. Rxb8 Rxb8 27. Nd7+ 1-0

[Event "GER-ch Youth U12 2020"]
[Site "Willingen"]
[Date "2020.10.29"]
[Round "4.10"]
[White "Berresheim, Nils"]
[Black "Bräutigam, Alexander"]
[Result "1-0"]
[ECO "D35"]
[WhiteElo "1534"]
[BlackElo "1631"]
[Annotator "NA RC"]
[PlyCount "87"]
[EventDate "2020.10.27"]
[EventType "swiss"]
[EventRounds "7"]
[EventCountry "GER"]
[SourceTitle "playchess.com"]
[Source "ChessBase"]
[SourceQuality "1"]
[TimeControl "40/5400+30:1800+30"]

1. d4 d5 2. c4 e6 3. Nc3 Nf6 4. cxd5 exd5 5. Bg5 Be7 6. e3 Bf5 7. Bd3 Bxd3 8. Qxd3 c6 9. Nf3 Nbd7 10. O-O O-O 11. Rab1 a5 12. a3 h6 13. Bf4 Nh5 14. Be5 f6 15. Bg3 Nxg3 16. fxg3 Bd6 17. Nh4 Re8 18. Qg6 Nf8 19. Qg4 Qd7 20. Nf5 Kh7 21. Qh5 Ng6 22. Rbe1 Rf8 23. e4 Rae8 24. exd5 Rxe1 25. Rxe1 cxd5 26. Nxd5 Bxa3 27. Nde3 Bb4 28. Rf1 Bd2 29. Ng4 Qb5 30. Nxg7 Qxh5 31. Nxh5 f5 32. Ngf6+ Kh8 33. d5 f4 34. d6 Be3+ 35. Kh1 Bd4 36. d7 Bxf6 37. Nxf6 Kg7 38. Ne8+ Kf7 39. d8=Q Rxe8 40. Qd7+ Re7 41. Qf5+ Kg7 42. gxf4 b6 43. h3 Re2 44. Rc1 1-0

[Event "GER-ch Youth U12 2020"]
[Site "Willingen"]
[Date "2020.10.29"]
[Round "4.12"]
[White "Werner, Florin"]
[Black "Korek, Jakob Alexander"]
[Result "0-1"]
[ECO "C78"]
[WhiteElo "1481"]
[BlackElo "1592"]
[Annotator "NA RC"]
[PlyCount "108"]
[EventDate "2020.10.27"]
[EventType "swiss"]
[EventRounds "7"]
[EventCountry "GER"]
[SourceTitle "playchess.com"]
[Source "ChessBase"]
[SourceQuality "1"]
[TimeControl "40/5400+30:1800+30"]

1. e4 e5 2. Nf3 Nc6 3. Bb5 a6 4. Ba4 Nf6 5. O-O b5 6. Bb3 Bc5 7. Re1 d6 8. c3 Bb6 9. h3 h6 10. d3 O-O 11. Nbd2 Ne7 12. Nf1 Ng6 13. d4 c5 14. Ng3 Nh7 15. Qd2 exd4 16. cxd4 Ba5 17. Qe2 Bxe1 18. Qxe1 Re8 19. Be3 Qe7 20. dxc5 dxc5 21. Rc1 c4 22. Bc2 Ne5 23. Nd4 Bd7 24. Ndf5 Bxf5 25. Nxf5 Qf6 26. f4 Nc6 27. e5 Qd8 28. Qg3 g6 29. Nxh6+ Kg7 30. Nf5+ Kg8 31. Nd6 Re6 32. Rd1 Qc7 33. f5 Rxe5 34. fxg6 fxg6 35. Bh6 g5 36. h4 Qe7 37. hxg5 Rd8 38. Bxh7+ Kxh7 39. Qf4 Kg8 40. g6 Re1+ 41. Rxe1 Qxe1+ 42. Kh2 Qe5 43. Qxe5 Nxe5 44. Nb7 Rd7 45. Nc5 Rc7 46. Nxa6 Ra7 47. Nb4 Ng4+ 48. Kh3 Nxh6 49. Kh4 Kg7 50. Kg5 Rd7 51. g3 Rd4 52. Na6 Rg4+ 53. Kh5 Rxg6 54. Nc7 Rc6 0-1

[Event "GER-ch Youth U12 2020"]
[Site "Willingen"]
[Date "2020.10.29"]
[Round "4.13"]
[White "Fruth, David"]
[Black "Möller, Maurin"]
[Result "1-0"]
[ECO "C43"]
[WhiteElo "1665"]
[BlackElo "1645"]
[Annotator "NA RC"]
[PlyCount "55"]
[EventDate "2020.10.27"]
[EventType "swiss"]
[EventRounds "7"]
[EventCountry "GER"]
[SourceTitle "playchess.com"]
[Source "ChessBase"]
[SourceQuality "1"]
[TimeControl "40/5400+30:1800+30"]

1. e4 e5 2. Nf3 Nf6 3. d4 Nxe4 4. dxe5 d5 5. Nbd2 Nxd2 6. Bxd2 Bf5 7. Bg5 Be7 8. Bxe7 Qxe7 9. Qxd5 Qb4+ 10. Nd2 O-O 11. Bd3 Bxd3 12. cxd3 Nc6 13. Qb3 Nxe5 14. O-O-O Qc5+ 15. Kb1 Rad8 16. Ne4 Qc6 17. f3 b5 18. Rc1 Qb6 19. Rhd1 a5 20. Rc5 Nc6 21. Rxb5 Qe3 22. Rc5 Rb8 23. Qc3 Nb4 24. Rg5 f6 25. Nxf6+ Kh8 26. Rxg7 Rxf6 27. Qxf6 Nd5 28. Re7+ 1-0

[Event "GER-ch Youth U12 2020"]
[Site "Willingen"]
[Date "2020.10.29"]
[Round "4.14"]
[White "Grabs, Peter"]
[Black "Uhlmann, Tim"]
[Result "1/2-1/2"]
[ECO "C68"]
[WhiteElo "1674"]
[BlackElo "1523"]
[Annotator "NA RC"]
[PlyCount "78"]
[EventDate "2020.10.27"]
[EventType "swiss"]
[EventRounds "7"]
[EventCountry "GER"]
[SourceTitle "playchess.com"]
[Source "ChessBase"]
[SourceQuality "1"]
[TimeControl "40/5400+30:1800+30"]

1. e4 e5 2. Nf3 Nc6 3. Bb5 a6 4. Bxc6 dxc6 5. Nc3 f6 6. d4 exd4 7. Qxd4 Qxd4 8. Nxd4 c5 9. Nde2 Be6 10. Bf4 O-O-O 11. f3 Ne7 12. Kf2 Ng6 13. Be3 c4 14. Rad1 Bd6 15. Nd4 Bd7 16. Nd5 Rhe8 17. Ne2 Be6 18. Nef4 Nxf4 19. Nxf4 Bf7 20. Ne2 b5 21. Nd4 Kb7 22. Nf5 Bf8 23. c3 c5 24. Ke2 g6 25. Ng3 Rd3 26. Rd2 Red8 27. Rhd1 Kc6 28. Nh1 Bg7 29. Nf2 Rxd2+ 30. Rxd2 Rxd2+ 31. Kxd2 b4 32. Ng4 f5 33. exf5 gxf5 34. Bh6 bxc3+ 35. bxc3 Bxc3+ 36. Kxc3 fxg4 37. fxg4 Bg6 38. a3 Be4 39. g3 Bd3 1/2-1/2

[Event "GER-ch Youth U12 2020"]
[Site "Willingen"]
[Date "2020.10.29"]
[Round "4.15"]
[White "Zobel, Christian"]
[Black "Schreidl, Michael"]
[Result "1/2-1/2"]
[ECO "C54"]
[WhiteElo "1521"]
[BlackElo "1640"]
[Annotator "NA RC"]
[PlyCount "55"]
[EventDate "2020.10.27"]
[EventType "swiss"]
[EventRounds "7"]
[EventCountry "GER"]
[SourceTitle "playchess.com"]
[Source "ChessBase"]
[SourceQuality "1"]
[TimeControl "40/5400+30:1800+30"]

1. e4 e5 2. Nf3 Nc6 3. Bc4 Bc5 4. c3 Nf6 5. d3 O-O 6. O-O d6 7. Bb3 a5 8. Nbd2 Be6 9. h3 h6 10. Re1 Re8 11. Nf1 Bxb3 12. axb3 Qd7 13. Ng3 d5 14. exd5 Qxd5 15. Be3 Bxe3 16. Rxe3 Rad8 17. Qc2 Re6 18. Rae1 Rde8 19. Ne4 Nxe4 20. dxe4 Qc5 21. Rd1 Rd8 22. Rxd8+ Nxd8 23. Rd3 Rd6 24. Qd2 Nc6 25. Rd5 Rxd5 26. Qxd5 Qxd5 27. exd5 Ne7 28. Nxe5 1/2-1/2

[Event "GER-ch Youth U12 2020"]
[Site "Willingen"]
[Date "2020.10.29"]
[Round "4.16"]
[White "Cromm, Mika"]
[Black "Kiefhaber, Tobias"]
[Result "0-1"]
[ECO "A41"]
[WhiteElo "1665"]
[BlackElo "1542"]
[Annotator "NA RC"]
[PlyCount "62"]
[EventDate "2020.10.27"]
[EventType "swiss"]
[EventRounds "7"]
[EventCountry "GER"]
[SourceTitle "playchess.com"]
[Source "ChessBase"]
[SourceQuality "1"]
[TimeControl "40/5400+30:1800+30"]

1. d4 d6 2. c4 e5 3. dxe5 dxe5 4. Qxd8+ Kxd8 5. e3 Be6 6. Nf3 Nd7 7. Ng5 c6 8. Nxe6+ fxe6 9. Be2 Ngf6 10. O-O Kc7 11. Nc3 Be7 12. b3 g5 13. Rb1 Rag8 14. b4 g4 15. b5 c5 16. a4 h5 17. a5 h4 18. f3 gxf3 19. Bxf3 Rh7 20. e4 Rhg7 21. Rb2 Nh7 22. Na4 Bg5 23. Bxg5 Nxg5 24. Bg4 h3 25. g3 Nxe4 26. Bxe6 Rf8 27. Rxf8 Nxf8 28. Bxh3 Nd6 29. Nxc5 Nxc4 30. Rc2 Ne3 31. Ne4+ Nxc2 0-1